 Dungeon Crawl Stone Soup version 0.22.1-1-ga44c0e56f4 (webtiles) character file.

60 Lisan the Chucker (level 4, -6/33 HPs)
             Began as a Merfolk Hunter on Oct 5, 2018.
             Mangled by a hobgoblin
             ... wielding a +0 club
             ... led by Robin
              (7 damage)
             ... on level 2 of the Dungeon.
             The game lasted 00:06:03 (2358 turns).

Lisan the Chucker (Merfolk Hunter)                  Turns: 2358, Time: 00:06:03

Health: -6/33      AC:  3    Str: 13    XL:     4   Next: 4%
Magic:  4/4        EV: 12    Int: 10    God:
Gold:   71         SH:  0    Dex: 14    Spells: 3/3 levels left

rFire    . . .     SeeInvis .   a - +0 short sword
rCold    . . .     Gourm    .   (no shield)
rNeg     . . .     Faith    .   b - +0 leather armour
rPois    .         Spirit   .   (no helmet)
rElec    .         Reflect  .   (no cloak)
rCorr    .         Harm     .   (no gloves)
MR       .....                  (no boots)
Stlth    +.........             (no amulet)
HPRegen  0.11/turn              (no ring)
MPRegen  0.09/turn              (no ring)

@: no status effects
A: change form in water, swift swim, stealthy swim
a: no special abilities


You were on level 2 of the Dungeon.
You were not hungry.

You visited 1 branch of the dungeon, and saw 2 of its levels.

You collected 71 gold pieces.

Inventory:

Hand Weapons
 a - a +0 short sword (weapon)
 h - a +0 short sword
 n - a +0 hunting sling
Missiles
 c - 2 javelins (quivered)
 d - 2 throwing nets
 e - 41 arrows
Armour
 b - a +0 leather armour (worn)
 m - a +0 leather armour
Scrolls
 g - 2 scrolls of teleportation
 i - a scroll of identify
 j - 4 scrolls of remove curse
 l - a scroll of amnesia {unknown}
 o - a scroll of enchant armour {unknown}
Potions
 k - a potion of heal wounds {unknown}
 q - a potion of berserk rage {unknown}
Comestibles
 f - 3 rations
 p - 3 chunks of flesh


   Skills:
 + Level 2.2 Fighting
 + Level 1.6 Short Blades
 + Level 5.1 Throwing
 + Level 0.3 Armour
 + Level 2.7 Dodging
 + Level 1.1 Stealth


You had 3 spell levels left.
You didn't know any spells.
Your spell library was empty.

Dungeon Overview and Level Annotations

Branches:
Dungeon (2/15)

Altars:

Annotations:
D:2 Robin


Message History

The goblin hits you but does no damage.
You hit the goblin.
You kill the goblin!
The hobgoblin closely misses you.
The goblin shoots a stone.
The stone closely misses you.
You hit the goblin but do no damage. The goblin hits you.
Robin throws the goblin at you! The hobgoblin closely misses you.
The goblin hits you. The hobgoblin barely misses you.
You barely miss the goblin. The goblin barely misses you.
The hobgoblin hits you with a club. The goblin hits you.
The hobgoblin hits you!
You hit the goblin but do no damage. The goblin closely misses you.
The goblin barely misses you. The hobgoblin closely misses you.
The hobgoblin barely misses you.
You barely miss the goblin. The goblin hits you.
* * * LOW HITPOINT WARNING * * *
The goblin hits you.
* * * LOW HITPOINT WARNING * * *
The hobgoblin hits you with a club!
You die...

. # ♣♣♣♣♣♣♣♣♣♣♣
♣♣......♣♣.♣♣
♣...♣♣♣...♣.♣♣♣♣♣♣♣
♣♣♣...♣
♣♣♣♣♣♣......♣♣
♣....♣♣ ♣♣♣♣♣♣♣.♣
♣♣♣♣.g♣♣ ♣♣. ♣♣@g♣
♣♣ ♣gg♣♣


.ggg♣ ..(.♣♣♣ ...♣♣♣ .♣ ♣♣♣♣♣ ♣♣.... You could see Robin, 3 hobgoblins and 3
goblins.

Vanquished Creatures
  2 adders (D:2)
  2 oozes (D:1)
  2 dart slugs (D:1)
  A leopard gecko (D:1)
  2 giant cockroaches
  6 goblins
  2 hobgoblins
  2 kobolds
  A ball python (D:2)
  4 bats (D:1)
  3 frilled lizards
  A rat (D:2)
28 creatures vanquished.

Notes
Turn   | Place    | Note
-------+----------+-------------------------------------------
     0 | D:1      | Lisan the Merfolk Hunter began the quest for the Orb.
     0 | D:1      | Reached XP level 1. HP: 16/16 MP: 1/1
   169 | D:1      | Reached XP level 2. HP: 22/22 MP: 2/2
   404 | D:1      | Reached XP level 3. HP: 22/27 MP: 3/3
  1192 | D:2      | Reached skill level 1 in Short Blades
  1485 | D:2      | Reached skill level 5 in Throwing
  2349 | D:2      | Noticed Robin
  2351 | D:2      | Reached XP level 4. HP: 33/33 MP: 4/4
  2358 | D:2      | HP: 1/33 [goblin[Robin] (5)]
  2358 | D:2      | Mangled by a hobgoblin

Skill      XL: |  1  2  3 |
---------------+----------+-----
Short Blades   | 1 |  1.6
Throwing       | 5 |  5.1
Fighting       | |  2.2
Armour         | |  0.3
Dodging        | |  2.7
Stealth        | |  1.1

Action                   |  1- 3 |  4- 6 || total
-------------------------+-------+-------++-------
Melee: Short sword       |    35 |     7 ||    42
       Hunting sling     |     3 |       ||     3
Throw: Javelin           |    36 |       ||    36
       Throwing net      |     1 |       ||     1
  Use: Scroll            |     2 |       ||     2
  Eat: Ration            |     1 |       ||     1
       Chunk             |     1 |       ||     1
Armor: Leather armour    |     7 |     3 ||    10
Dodge: Dodged            |    35 |    11 ||    46
